 Dungeon Sprint DCSS version 0.29.1-2-gbd0b4ee654 (webtiles) character file.

Game seed: 337486051075454629

3179 Groucho the Unseen (level 9, -2/49 HPs)
             Began as a Spriggan Fighter on Nov 16, 2022.
             Was a Priest of Uskayaw.
             Slain by a komodo dragon (27 damage)
             ... in the Dungeon (Sprint IX: "|||||||||||||||||||||||||||||").
             The game lasted 00:04:09 (877 turns).

Groucho the Unseen (Spriggan Fighter)                Turns: 877, Time: 00:04:10

Health: -2/49      AC:  2    Str: 12    XL:     9   Next: 63%
Magic:  17/17      EV: 28    Int: 14    God:    Uskayaw [***...]
Gold:   0          SH:  8    Dex: 17    Spells: 8/8 levels left

rFire   . . .      SeeInvis +   k - +2 rapier (drain)
rCold   . . .      Faith    .   c - +0 buckler
rNeg    . . .      Spirit   .   b - +0 robe
rPois   .          Reflect  .   (helmet restricted)
rElec   .          Harm     .   (no cloak)
rCorr   .          Rampage  .   (gloves unavailable)
Will    +....      NoTele   +   (boots unavailable)
Stlth   ++++++....              (no amulet)
HPRegen 0.16/turn               a - +2 ring of evasion
MPRegen 0.15/turn               l - +3 ring of dexterity

@: very quick
A: very small, no large weapons, unfitting armour, see invisible, speed 3
a: Renounce Religion, Stomp, Line Pass


You were in the Dungeon.
You worshipped Uskayaw.
Uskayaw was aware of your devotion.
You visited 1 branch

Inventory:

Hand Weapons
 k - a +2 rapier of draining (weapon)
Armour
 b - a +0 robe (worn)
 c - a +0 buckler (worn)
 m - +0 acid dragon scales
Jewellery
 a - a +2 ring of evasion (left hand)
 l - a +3 ring of dexterity (right hand)
Wands
 i - a wand of quicksilver (10)
Scrolls
 g - 2 scrolls of amnesia
 j - 2 scrolls of blinking
 p - 4 scrolls of identify
 q - 2 scrolls of enchant armour
 r - a scroll of fear
Potions
 d - a potion of mutation
 e - 2 potions of heal wounds
 f - 5 potions of curing
 h - 4 potions of magic
 n - 2 potions of brilliance
 o - a potion of haste


   Skills:
 + Level 6.5 Fighting
 * Level 11.3 Short Blades
 * Level 13.6 Dodging
 * Level 15.3 Stealth
 + Level 5.9 Shields
 * Level 10.1 Invocations


You had 8 spell levels left.
You didn't know any spells.
Your spell library was empty.

Dungeon Overview and Level Annotations

Branches:
Dungeon (1/1)

Altars:
Cheibriados
Dithmenos
Elyvilon
Fedhas
Gozag
Hepliaklqana
Kikubaaqudgha
Makhleb
Nemelex Xobeh
Okawaru
Qazlal
Ru
Sif Muna
Trog
Uskayaw
Vehumet
Wu Jian
Xom
Yredelemnul
Zin
The Shining One
Jiyva
Lugonu


Innate Abilities, Weirdness & Mutations

You are very small and have problems with some larger weapons.
You are too small for most types of armour.
You have supernaturally acute eyesight. (SInv)
You cover ground extremely quickly. (Speed+++)


Message History

The komodo dragon is lightly wounded.
Unknown command.
Unknown command.
Unknown command.
You completely miss the komodo dragon.
The komodo dragon is lightly wounded.
The komodo dragon misses you.
Unknown command.
Unknown command.
You closely miss the komodo dragon.
The komodo dragon is lightly wounded.
The komodo dragon completely misses you.
Unknown command.
Unknown command.
You hit the komodo dragon.
The komodo dragon is lightly wounded.
Unknown command.
Unknown command.
You hit the komodo dragon. You drain the komodo dragon.
The komodo dragon is moderately wounded.
The komodo dragon misses you.
Unknown command.
You barely miss the komodo dragon.
The komodo dragon is moderately wounded.
The komodo dragon completely misses you.
Unknown command.
Unknown command.
Unknown command.
You hit the komodo dragon but do no damage.
The komodo dragon is moderately wounded.
Unknown command.
Unknown command.
Unknown command.
There is an open door to the Lair, spattered with blood here.
Unknown command.
Unknown command.
You hit the komodo dragon but do no damage.
The komodo dragon bites you!!
Ouch! That really hurt!
You die...

▓.▓.▓)▓
▓.▓.▓.▓
▓.▓.▓.▓
▓.▓.▓.▓
▓.▓.▓'▓
▓.▓.▓_▓
▓.▓.▓_▓
▓.▓.▓_▓
▓@▓.▓_▓
▓l▓.▓_▓
▓l▓.▓_▓
▓h▓.▓_▓
▓.▓.▓_▓
▓S▓.▓_▓
▓F▓.▓_▓
▓S▓.▓_▓
▓.▓.▓_▓


You could see 2 komodo dragons, a black mamba, a water moccasin, a wolf and a
bullfrog.

Vanquished Creatures
  A hydra (D)
  A centaur warrior (D)
  A deep elf pyromancer (D)
  A black mamba (D)
  A komodo dragon (D)
  A yak (D)
  A wraith (D)
  A vampire mosquito (D)
  An acid dragon (D)
  An orc warrior (D)
  A black bear (D)
  A centaur (D)
  A kobold brigand (D)
  A howler monkey (D)
  A hound (D)
  2 orc wizards (D)
  An adder (D)
  2 bats (D)
  2 hobgoblins (D)
  A kobold (D)
23 creatures vanquished.

Notes
Turn   | Place    | Note
-------+----------+-------------------------------------------
     0 | D        | Groucho the Spriggan Fighter began the quest for the Orb.
     0 | D        | Reached XP level 1. HP: 11/11 MP: 2/2
     9 | D        | Reached skill level 1 in Stealth
    10 | D        | Reached skill level 1 in Invocations
    19 | D        | Reached skill level 2 in Stealth
    43 | D        | Noticed a centaur
    43 | D        | Noticed a black bear
    43 | D        | Noticed a hound
    43 | D        | Noticed an orc wizard
    47 | D        | Reached skill level 3 in Stealth
    47 | D        | Reached XP level 2. HP: 12/16 MP: 2/4
    53 | D        | Killed a centaur
    54 | D        | Reached skill level 5 in Stealth
    54 | D        | Reached XP level 3. HP: 18/20 MP: 2/6
    54 | D        | Reached XP level 4. HP: 22/24 MP: 2/7
    60 | D        | Killed a black bear
    61 | D        | Reached skill level 5 in Short Blades
    61 | D        | Reached skill level 7 in Stealth
    61 | D        | Reached XP level 5. HP: 17/29 MP: 3/9
    72 | D        | Reached skill level 8 in Stealth
    72 | D        | Reached skill level 5 in Invocations
    82 | D        | Found a snail-covered altar of Cheibriados.
    82 | D        | Found a shadowy altar of Dithmenos.
    82 | D        | Found a white marble altar of Elyvilon.
    82 | D        | Found a blossoming altar of Fedhas.
    82 | D        | Found an opulent altar of Gozag.
    83 | D        | Found a hazy altar of Hepliaklqana.
    84 | D        | Found a viscous altar of Jiyva.
    85 | D        | Found an ancient bone altar of Kikubaaqudgha.
    86 | D        | Found a corrupted altar of Lugonu.
    87 | D        | Found a burning altar of Makhleb.
    88 | D        | Found a sparkling altar of Nemelex Xobeh.
    89 | D        | Found an iron altar of Okawaru.
    90 | D        | Found a stormy altar of Qazlal.
    91 | D        | Found a sacrificial altar of Ru.
    92 | D        | Found a shimmering blue altar of Sif Muna.
    93 | D        | Found a bloodstained altar of Trog.
    94 | D        | Found a hide-covered altar of Uskayaw.
    95 | D        | Found a radiant altar of Vehumet.
    96 | D        | Found an ornate altar of the Wu Jian Council.
    97 | D        | Found a shimmering altar of Xom.
    98 | D        | Found a basalt altar of Yredelemnul.
    99 | D        | Found a glowing silver altar of Zin.
   100 | D        | Found a glowing golden altar of the Shining One.
   102 | D        | Became a worshipper of Uskayaw the Reveller
   131 | D        | Noticed an orc warrior
   131 | D        | Noticed an acid dragon
   131 | D        | Noticed a yak
   133 | D        | Reached * piety under Uskayaw
   134 | D        | Reached XP level 6. HP: 31/33 MP: 8/11
   135 | D        | Reached ** piety under Uskayaw
   143 | D        | Reached *** piety under Uskayaw
   145 | D        | Reached skill level 9 in Stealth
   146 | D        | Killed a yak
   146 | D        | Reached **** piety under Uskayaw
   147 | D        | Reached skill level 10 in Stealth
   147 | D        | Reached XP level 7. HP: 33/38 MP: 5/12
   149 | D        | Reached skill level 10 in Dodging
   151 | D        | Reached skill level 11 in Stealth
   473 | D        | Noticed a centaur warrior
   473 | D        | Noticed a wraith
   473 | D        | Noticed a vampire mosquito
   473 | D        | Noticed a deep elf pyromancer
   473 | D        | Noticed a komodo dragon
   473 | D        | Noticed an eight-headed hydra
   478 | D        | Killed a centaur warrior
   479 | D        | Reached skill level 5 in Fighting
   479 | D        | Reached skill level 12 in Stealth
   479 | D        | Reached skill level 5 in Shields
   479 | D        | Reached XP level 8. HP: 36/44 MP: 13/15
   481 | D        | Killed a deep elf pyromancer
   482 | D        | Reached skill level 10 in Short Blades
   482 | D        | Reached skill level 13 in Stealth
   488 | D        | Killed an eight-headed hydra
   489 | D        | Reached skill level 14 in Stealth
   489 | D        | Reached XP level 9. HP: 37/48 MP: 10/17
   492 | D        | Killed a komodo dragon
   494 | D        | Reached ***** piety under Uskayaw
   495 | D        | Reached skill level 15 in Stealth
   495 | D        | Reached skill level 10 in Invocations
   847 | D        | Noticed a black mamba
   847 | D        | Noticed a komodo dragon
   847 | D        | Noticed a komodo dragon
   848 | D        | Noticed a black mamba
   862 | D        | Killed a black mamba
   863 | D        | Noticed a black mamba
   877 | D        | Slain by a komodo dragon

Illustrated notes

Levels and vault maps discovered:
D:        linesprint [early_d, line_temple, items_1, d_10, items_2, lair_1,
          lair_end, items_3, orc_1, orc_end, items_4, d_15, swamp_1, shoals_1,
          snake_1, spider_1, d_20, vaults_1, items_5, swamp_end, shoals_end,
          snake_end, spider_end, vaults_end, d_27, items_6, zot_1, zot_end,
          crypt_end, forest_end, elf_end, slime_end, tomb_end, abyss_end,
          pan_hell_end]

Skill      XL: |  1  2  3  4  5  6  7  8  9 |
---------------+----------------------------+-----
Stealth        | 3 5 7 8 10 12 14 15 | 15.3
Invocations    | 1 3 4 5 6 8 9 10 | 10.1
Short Blades   | 3 4 5 6 7 9 10 11 | 11.3
Fighting       | 3 4 5 6 |  6.5
Dodging        | 6 7 8 9 11 12 13 | 13.6
Shields        | 3 4 5 |  5.9

Action                   |  1- 3 |  4- 6 |  7- 9 || total
-------------------------+-------+-------+-------++-------
Melee: Rapier            |    32 |    30 |    40 ||   102
Invok: Line Pass         |       |     1 |     2 ||     3
  Use: Potion            |     2 |     4 |     4 ||    10
 Stab: Sleeping          |     1 |       |       ||     1
       Paralysed         |       |     2 |     2 ||     4
       Confused          |       |     1 |       ||     1
       Invisible         |       |       |     5 ||     5
Armor: Robe              |     7 |     5 |     1 ||    13
Dodge: Dodged            |    36 |    19 |    74 ||   129
Block: Buckler           |    12 |     9 |    23 ||    44
